 Dungeon Crawl Stone Soup version 0.32-a0-913-g739538afd8 (webtiles) character file.

Game seed: 5355666169578689748

112 Dirtsage the Insei (level 4, -1/35 HPs)
             Began as a Demonspawn Monk on Apr 8, 2024.
             Was a Believer of Wu Jian.
             Killed by divine providence
             ... invoked by an orc priest
              (16 damage)
             ... on level 4 of the Dungeon.
             The game lasted 00:02:55 (2804 turns).

Dirtsage the Insei (Demonspawn Monk)                Turns: 2804, Time: 00:02:56

Health: -1/35      AC:  8    Str: 13    XL:     4   Next: 63%
Magic:  4/4        EV: 10    Int: 11    God:    Wu Jian [**....]
Gold:   153        SH:  0    Dex: 15    Spells: 3/3 levels left

rFire   . .          .
                       - Unarmed
rCold   . . .        c - orb {light}
rNeg    . . .        o - +0 ring mail
rPois   .            (helmet restricted)
rElec   .            (no cloak)
rCorr   .            (no gloves)
SInv    .            q - +2 pair of boots
Will    .....        e - amulet of faith
Stlth   +            (no ring)
HPRegen 0.25/turn    (no ring)
MPRegen 0.09/turn

%: faith
@: glowing
A: horns 2
a: Renounce Religion, Wall Jump


You were on level 4 of the Dungeon.
You worshipped Wu Jian.
Wu Jian was pleased with you.
You visited 1 branch of the dungeon, and saw 4 of its levels.

You collected 153 gold pieces.

Inventory:

Missiles
 k - 2 silver javelins (quivered)
Armour
 a - a +0 robe
 c - an orb of light (worn)
 o - a +0 ring mail (worn)
 q - a +2 pair of boots (worn)
Magical Staves
 r - a staff of conjuration
Jewellery
 e - an amulet of faith (around neck)
Scrolls
 d - 2 scrolls of noise {unknown}
 f - 3 scrolls of identify {unknown}
 h - a scroll of enchant weapon {unknown}
 i - a scroll of blinking {unknown}
 j - a scroll of enchant armour {unknown}
 l - a scroll of butterflies {unknown}
 m - a scroll of amnesia {unknown}
 p - 2 scrolls of teleportation {unknown}
 s - a scroll of acquirement {unknown}
Potions
 b - 2 potions of ambrosia
 g - a potion of enlightenment {unknown}
 n - a potion of resistance {unknown}
 t - a potion of might {unknown}
 u - a potion of haste {unknown}


   Skills:
 - Level 3.0 Fighting
 - Level 2.6 Dodging
 + Level 5.0 Unarmed Combat


You had 3 spell levels left.
You didn't know any spells.
Your spell library contained the following spells:

 Spells                   Type           Power      Damage    Failure   Level
 Necrotise                Necr           0%         1d4       61%         1
 Vampiric Draining        Necr           0%         2d6       93%         3
 Martyr's Knell           Necr/Summ      0%         N/A       100%        4
 Curse of Agony           Necr           0%         N/A       100%        5


Dungeon Overview and Level Annotations

Branches:
Dungeon (4/15)
 Temple: D:4-7

Altars:
Uskayaw
Vehumet
Wu Jian


Innate Abilities, Weirdness & Mutations

You have a pair of horns on your head.


Message History

You headbutt the quokka.
You kill the quokka!
The Council accepts your kill.
Your Unarmed Combat skill increases to level 5!
No target in view!
No target in view!
Done exploring.
You see here a quokka corpse.
You see here a +0 hand axe.
You see here a beast talisman.
There is a stone staircase leading up here.
You see here a +2 flail of protection.
There is a stone staircase leading down here.
You climb downwards.
The ball python hisses angrily.
There is a stone staircase leading up here.
A ball python is nearby!
Found a stone staircase leading down.
You hit the ball python.
You kill the ball python!
The Council accepts your kill.
No target in view!
No target in view!
An orc comes into view. It is wielding a +0 morningstar.
An orc priest comes into view. It is wielding a +0 hand axe.
The orc priest shouts!
A jelly comes into view.
An orc comes into view. It is wielding a +0 dagger.
The orc priest invokes the aid of Beogh against you.
Beogh smites you!
You take 13 damage, and have 22/35 hp.
MASSIVE DAMAGE!!
The orc priest invokes the aid of Beogh against you.
Beogh smites you!
You take 9 damage, and have 14/35 hp.
MASSIVE DAMAGE!!
The orc priest attacks as it pursues you!
The orc priest hits you with a +0 hand axe.
You take 1 damage, and have 15/35 hp.
The orc priest mumbles some strange prayers to Beogh against you.
Beogh smites you!
You die...

.. ### ... . #.##
##..... #..# ##......
##..######..##.##. .
#...##............
..##
#.#.o............#
....#
#.###.o.o.@.....#
#..##.# #...........#
#...o###.†.........#
##.................#
.##...o.......########
.............#.#
###..........#..#
#..........##.#
#.!.........#.#


You could see an orc priest and 2 orcs.

Vanquished Creatures
  A gnoll (D:1)
  3 adders
  2 dart slugs
  An orc (D:3)
  8 endoplasms
  6 goblins
  5 hobgoblins
  10 jackals
  5 kobolds
  4 quokkas
  5 ball pythons
  4 bats
  6 frilled lizards
  4 rats
64 creatures vanquished.

Notes
Turn   | Place    | Note
-------+----------+-------------------------------------------
     0 | D:1      | Dirtsage the Demonspawn Monk began the quest for the Orb.
     0 | D:1      | Reached XP level 1. HP: 18/18 MP: 1/1
    91 | D:1      | Reached skill level 3 in Unarmed Combat
   176 | D:1      | Gained mutation: You have a pair of small horns on your
                  | head. [demonic ancestry]
   176 | D:1      | Reached XP level 2. HP: 24/24 MP: 2/2
   205 | D:1      | Found a faded altar of an unknown god.
   462 | D:1      | Reached XP level 3. HP: 28/29 MP: 3/3
   509 | D:1      | Reached skill level 4 in Unarmed Combat
  1320 | D:2      | Gained mutation: You have a pair of horns on your head.
                  | [demonic ancestry]
  1320 | D:2      | Reached XP level 4. HP: 35/35 MP: 4/4
  2323 | D:3      | Found an ornate altar of the Wu Jian Council.
  2323 | D:3      | Found a radiant altar of Vehumet.
  2333 | D:3      | Became a worshipper of the Wu Jian Council
  2333 | D:3      | Reached * piety under Wu Jian
  2333 | D:3      | Reached ** piety under Wu Jian
  2335 | D:3      | Found a hide-covered altar of Uskayaw.
  2729 | D:3      | Reached skill level 5 in Unarmed Combat
  2804 | D:4      | Killed from afar by an orc priest

Illustrated notes

Levels and vault maps discovered:
D:1:      dpeg_arrival_simpleton_b, layout_loops_ring,
          shapermc_ecumenical_altar_acropolis
D:2:      layout_basic
D:3:      layout_loops_cross, minitemple
D:4:      layout_rooms, minmay_manual_monstrance

Skill      XL: |  1  2  3  4 |
---------------+-------------+-----
Unarmed Combat | 3 4 5 |  5.0
Fighting       | |  3.0
Dodging        | |  2.6

Action                     |  1- 3 |  4- 6 || total
---------------------------+-------+-------++-------
  Melee: Unarmed           |   101 |    48 ||   149
         Headbutt          |    13 |    12 ||    25
Ability: Lunge             |       |     1 ||     1
 Armour: Robe              |    53 |     4 ||    57
         Ring mail         |       |    19 ||    19
  Dodge: Dodged            |    51 |    19 ||    70

Table legend: (Time is in decaauts)
 A = Elapsed time spent in this place.
 B = Non-inter-level travel time spent in this place.
 C = Inter-level travel time spent in this place.
 D = Time resting spent in this place.
 E = Time spent auto-exploring this place.
 F = Levels seen in this place.
 G = Mean time per level.
                   A        B        C        D        E       F      G
               +--------+--------+--------+--------+--------+-----+--------+
         Total |   2792 |   2658 |    134 |      0 |   2310 |   4 |  698.0 |
       Dungeon |   2792 |   2658 |    134 |      0 |   2310 |   4 |  698.0 |
               +--------+--------+--------+--------+--------+-----+--------+

Top non-repeatable levels by time:
     D:1: 1021 daAuts
     D:3: 932 daAuts
     D:2: 815 daAuts
     D:4: 23 daAuts
